 Dungeon Crawl Stone Soup version 0.26-a0-317-ge2f3d4a7ca (webtiles) character file.

Game seed: 532568394008873879

504 BritishOli the Skirmisher (level 6, 0/49 HPs)
             Began as a Demonspawn Fighter on July 16, 2020.
             Succumbed to a worker ant's poison
             ... on level 4 of the Dungeon.
             The game lasted 00:03:59 (3278 turns).

BritishOli the Skirmisher (Demonspawn Fighter)      Turns: 3278, Time: 00:03:59

Health: 0/49       AC: 11    Str: 19    XL:     6   Next: 96%
Magic:  6/6        EV:  7    Int:  9    God:
Gold:   181        SH:  9    Dex: 12    Spells: 5/5 levels left

rFire    . . .     SeeInvis .   a - +0 long sword
rCold    . . .     Faith    .   c - +0 kite shield
rNeg     . . .     Spirit   .   b - +0 scale mail
rPois    .         Reflect  .   (helmet restricted)
rElec    .         Harm     .   (no cloak)
rCorr    .         Clarity  +   (no gloves)
MR       .....                  h - +1 pair of boots
Stlth    ..........             (no amulet)
HPRegen  0.16/turn              (no ring)
MPRegen  0.10/turn              (no ring)

@: lethally poisoned (0 -> -12), stab, very slightly contaminated, invisible
A: antennae 2, yellow scales 1, clarity, powered by death 1
a: no special abilities


You were on level 4 of the Dungeon.
You visited 1 branch of the dungeon, and saw 4 of its levels.

You collected 181 gold pieces.

Inventory:

Hand Weapons
 a - a +0 long sword (weapon)
Armour
 b - a +0 scale mail (worn)
 c - a +0 kite shield (worn)
 h - a +1 pair of boots (worn)
Scrolls
 e - 3 scrolls of blinking {unknown}
 f - 2 scrolls of identify {unknown}
 g - a scroll of magic mapping {unknown}
 i - a scroll of random uselessness {unknown}
 k - a scroll of enchant armour {unknown}
 l - a scroll of remove curse {unknown}
 n - 2 scrolls of teleportation {unknown}
 o - a scroll of enchant weapon {unknown}
Potions
 d - 2 potions of might
 j - a potion of haste
 m - a potion of cancellation


   Skills:
 + Level 4.7 Fighting
 + Level 3.7 Long Blades
 + Level 4.2 Armour
 + Level 4.3 Shields


You had 5 spell levels left.
You didn't know any spells.
Your spell library was empty.

Dungeon Overview and Level Annotations

Branches:
Dungeon (4/15)
 Temple: D:4-7

Altars:
Kikubaaqudgha
Qazlal
Trog


Innate Abilities, Weirdness & Mutations

You have a pair of antennae on your head.
You are partially covered in yellow scales. (AC +2)
You regenerate a little health from kills.
You possess an exceptional clarity of mind.


Message History

* * * LOW HITPOINT WARNING * * *
You feel sick.
The worker ant bites you but does no damage.
The worker ant bites you.
* * * LOW HITPOINT WARNING * * *
It was a potion of cancellation.
Your magical effects are unravelling.
You feel magically purged.
You feel yourself slow down.
* * * LOW HITPOINT WARNING * * *
You feel sick.
It was a potion of invisibility.
You fade into invisibility!
* * * LOW HITPOINT WARNING * * *
You feel sick. You block the worker ant's attack.
The worker ant bites you but does no damage.
You are very lightly contaminated with residual magic.
It was a potion of stabbing.
You feel ready to backstab.
You die...

###########
#.........# .
#.#######.#
.#######.# #.#
.......#.#######.#
...............#@#
....##.#.#####.#a#
###.##.#.# #.#.#
#...#.#.#.###.#.#
#...#.#..#....#.#
.......#.........#
.......###.#######
.......# #.
##...##.


You could see a worker ant.

Vanquished Creatures
  Sigmund (D:2)
  An orc wizard (D:3)
  An orc priest (D:3)
  An iguana (D:4)
  Jessica (D:2)
  Natasha (thrice) (D:2)
  A worker ant (D:2)
  3 gnolls (D:3)
  4 adders
  A worm (D:3)
  4 dart slugs
  5 leopard geckos
  An orc (D:3)
  6 bats
  5 giant cockroaches
  7 goblins
  8 hobgoblins
  5 kobolds
  A ball python (D:2)
  4 frilled lizards
63 creatures vanquished.

Notes
Turn   | Place    | Note
-------+----------+-------------------------------------------
     0 | D:1      | BritishOli the Demonspawn Fighter began the quest for the
                  | Orb.
     0 | D:1      | Reached XP level 1. HP: 18/18 MP: 1/1
   237 | D:1      | Gained mutation: You have a pair of small antennae on your
                  | head. [demonic ancestry]
   237 | D:1      | Reached XP level 2. HP: 24/24 MP: 2/2
   697 | D:2      | Gained mutation: You are partially covered in yellow
                  | scales. (AC +2) [demonic ancestry]
   697 | D:2      | Reached XP level 3. HP: 29/29 MP: 3/3
   878 | D:2      | Gained mutation: You have a pair of antennae on your head.
                  | [potion of mutation]
   878 | D:2      | Gained mutation: You possess an exceptional clarity of
                  | mind. [potion of mutation]
   962 | D:2      | Noticed Sigmund
   991 | D:2      | Killed Sigmund
   991 | D:2      | Gained mutation: You regenerate a little health from kills.
                  | [demonic ancestry]
   991 | D:2      | Reached XP level 4. HP: 21/37 MP: 4/4
   991 | D:2      | Reached XP level 5. HP: 23/42 MP: 5/5
  1380 | D:2      | Noticed Jessica
  1383 | D:2      | Killed Jessica
  1679 | D:2      | Noticed Natasha
  1689 | D:2      | Killed Natasha
  1689 | D:2      | Reached XP level 6. HP: 48/48 MP: 6/6
  1779 | D:2      | Found a stormy altar of Qazlal.
  1779 | D:2      | Noticed Natasha
  1790 | D:2      | Killed Natasha
  1913 | D:2      | Noticed Natasha
  1920 | D:2      | Killed Natasha
  2637 | D:3      | Found an ancient bone altar of Kikubaaqudgha.
  2638 | D:3      | Found a bloodstained altar of Trog.
  3276 | D:4      | HP: 2/49 [poisoned by a worker ant]
  3278 | D:4      | Succumbed to a worker ant's poison

Illustrated notes

Levels and vault maps discovered:
D:1:      psy_arrival_statuary, layout_loops_ring, minmay_heptomino_w4
D:2:      layout_basic, lemuel_round_altar, uniq_natasha, uniq_sigmund,
          uniq_jessica
D:3:      layout_basic, gammafunk_temple_overflow_pools,
          minmay_misc_feat_four_crosses
D:4:      layout_loops_ring, gup_ossuary_entry_pyramid, minmay_misc_feat_tiny,
          xom_redecorated

Skill      XL: |  1  2  3  4  5  6 |
---------------+-------------------+-----
Long Blades    | 2 3 |  3.7
Armour         | 3 4 |  4.2
Shields        | 3 4 |  4.3
Fighting       | 4 |  4.7

Action                   |  1- 3 |  4- 6 || total
-------------------------+-------+-------++-------
Melee: Long sword        |   126 |   194 ||   320
Throw: Throwing net      |     1 |       ||     1
  Use: Potion            |     3 |     4 ||     7
Armor: Scale mail        |    75 |    83 ||   158
Dodge: Dodged            |    39 |    59 ||    98
Block: Kite shield       |    68 |    88 ||   156
       Rpst.: Long sword |    10 |    22 ||    32

Table legend:
 A = Non-vault XP
 B = Vault XP
 C = Vault XP percentage of total XP
 D = Non-vault monster count
 E = Vault monster count
 F = Vault count percentage of total count
                 A         B        C        D         E       F
            +---------+---------+-------+---------+---------+-------
      Total |     413 |     308 |  42.7 |      54 |       9 |  14.3
            +---------+---------+-------+---------+---------+-------
        D:1 |      21 |      14 |  40.0 |      10 |       6 |  37.5
        D:2 |     156 |     294 |  65.3 |      22 |       3 |  12.0
        D:3 |     197 |       0 |   0.0 |      21 |       0 |   0.0
        D:4 |      39 |       0 |   0.0 |       1 |       0 |   0.0
            +---------+---------+-------+---------+---------+-------
